 Dungeon Crawl Stone Soup version 0.31.0-12-g77e489cdc1 (webtiles) character file.

Game seed: 17124195056913370398

60804 spaghetti the Spear-Bearer (level 14, -4/110 HPs)
             Began as a Demonspawn Chaos Knight on Mar 5, 2024.
             Was a Plaything of Xom.
             Slain by a skeletal warrior
             ... wielding a +0 mace
              (7 damage)
             ... on level 12 of the Dungeon.
             The game lasted 00:24:58 (21520 turns).

spaghetti the Spear-Bearer (DsCK)                  Turns: 21520, Time: 00:24:59

Health: -4/110     AC: 13    Str: 17    XL:     14   Next: 58%
Magic:  3/24       EV: 14    Int: 20    God:    Xom [...*..]
Gold:   1162       SH:  0    Dex: 12    Spells: 23/27 levels left

rFire   x . .        i - +3 demon trident (venom)
rCold   . . .        J - orb {*channel}
rNeg    . . .        a - +2 leather armour
rPois   .            M - +1 hat
rElec   .            o - +0 cloak
rCorr   .            c - +2 pair of gloves
SInv    .            (no boots)
Will    +....        W - amulet of regeneration
Stlth   +            v - +6 ring of intelligence
HPRegen 1.18/turn    K - +4 ring of slaying
MPRegen 0.19/turn

%: channel magic (20%)
@: about to teleport
A: antennae 1, demonic guardian 2, ignite blood 2, sharp scales 2, hooves 1,
heat vulnerability 1
a: Renounce Religion


You were on level 12 of the Dungeon.
You worshipped Xom.
You were a favourite toy of Xom.
You visited 2 branches of the dungeon, and saw 17 of its levels.

You collected 1258 gold pieces.
You spent 96 gold pieces at shops.

Inventory:

Hand Weapons
 i - a +3 demon trident of venom (weapon)
Missiles
 x - 6 javelins
 B - a throwing net
 E - 14 curare-tipped darts
 F - 15 poisoned darts
 P - 37 stones
Armour
 a - a +2 leather armour (worn)
 c - a +2 pair of gloves (worn)
 o - a +0 cloak (worn)
 p - a scarf of resistance
 J - an orb of energy (worn)
 M - a +1 hat (worn)
Jewellery
 e - a ring of protection from cold
 k - an amulet of reflection
 v - a +6 ring of intelligence (left hand)
 y - a ring of protection from cold
 A - a ring of poison resistance
 C - a ring of willpower
 D - a +6 ring of dexterity
 K - a +4 ring of slaying (right hand)
 W - an amulet of regeneration (around neck)
Wands
 l - a wand of flame (21)
 m - a wand of roots (10)
 w - a wand of charming (16)
 R - a wand of polymorph (9)
Scrolls
 b - a scroll of butterflies
 d - a scroll of revelation
 g - a scroll of vulnerability
 h - 5 scrolls of teleportation
 j - 2 scrolls of fear
 r - 2 scrolls of identify
 t - 3 scrolls of enchant armour
 u - 3 scrolls of poison
 G - 3 scrolls of amnesia
 I - a scroll of noise
 L - a scroll of enchant weapon
 N - a scroll of silence
 O - a scroll of immolation
 S - a scroll of fog
 U - a scroll of brand weapon
Potions
 f - 3 potions of degeneration
 n - 5 potions of enlightenment
 q - 5 potions of curing
 s - a potion of attraction
 z - a potion of lignification
 H - a potion of invisibility
 Q - a potion of ambrosia
 T - a potion of berserk rage
 V - a potion of resistance


   Skills:
 + Level 10.3 Fighting
 - Level 6.1 Maces & Flails
 - Level 14.0 Polearms
 + Level 8.1 Armour
 + Level 7.9 Dodging
 - Level 2.6 Unarmed Combat
 + Level 7.0 Spellcasting
 - Level 10.0 Translocations


You had 23 spell levels left.
You knew the following spells:

 Your Spells              Type           Power      Damage    Failure   Level
a - Manifold Assault      Tloc           47%        N/A       8%          4

Your spell library contained the following spells:

 Spells                   Type           Power      Damage    Failure   Level
 Necrotise                Necr           28%        1d5       26%         1
 Dimensional Bullseye     Hex/Tloc       13%        N/A       32%         4
 Cigotuvi's Dreadful Rot  Necr/Alch/Air  14%        N/A       34%         2
 Jinxbite                 Hex            14%        N/A       34%         2
 Scorch                   Fire           14%        2d5       34%         2
 Sublimation of Blood     Necr           7%         N/A       34%         2
 Dispersal                Tloc           23%        N/A       47%         6
 Call Canine Familiar     Summ           7%         N/A       54%         3
 Sigil of Binding         Hex            7%         N/A       54%         3
 Stone Arrow              Conj/Erth      14%        3d7       54%         3
 Vampiric Draining        Necr           7%         2d6       54%         3
 Summon Forest            Summ/Tloc      13%        N/A       58%         5
 Animate Armour           Summ/Erth      14%        N/A       87%         4
 Cause Fear               Hex            3%         N/A       87%         4
 Flame Wave               Conj/Fire      7%         2d5       87%         4
 Ignite Poison            Fire/Alch      7%         N/A       87%         4
 Martyr's Knell           Necr/Summ      7%         N/A       87%         4
 Petrify                  Alch/Erth      7%         N/A       87%         4
 Curse of Agony           Necr           7%         N/A       99%         5
 Fireball                 Conj/Fire      3%         3d4       99%         5
 Freezing Cloud           Conj/Ice/Air   3%         6-21      99%         5
 Irradiate                Conj/Alch      3%         3d12      99%         5
 Yara's Violent Unravell  Hex/Alch       3%         3d4       99%         5
 Eringya's Noxious Bog    Alch           3%         4d6       100%        6
 Summon Cactus Giant      Summ           3%         N/A       100%        6
 Enfeeble                 Hex            3%         N/A       100%        7
 Summon Hydra             Summ           3%         N/A       100%        7
 Disjunction              Tloc           23%        N/A       100%        8
 Lehudib's Crystal Spear  Conj/Erth      3%         10d3      100%        8
 Dragon's Call            Summ           3%         N/A       100%        9


Dungeon Overview and Level Annotations

Branches:
Dungeon (12/15)            Temple (0/1) D:5            Lair (5/5) D:11
  Swamp (0/4) Lair:3       Spider (0/4) Lair:2        Slime (0/5) Lair:4
    Orc: D:9-12

Altars:
Ashenzari
Nemelex Xobeh
Okawaru
Qazlal
Ru
Sif Muna
Uskayaw
Vehumet
Xom
Jiyva

Shops:
D:4 *

Annotations:
D:10 3 runed translucent doors, Saint1's ghost, journeyman MiFi


Innate Abilities, Weirdness & Mutations

You have a pair of small antennae on your head.
A demonic guardian rushes to your aid.
Your demonic aura often causes spilled blood to erupt in flames.
You are mostly covered in razor-sharp scales. (AC +2, Slay +2)
You have large cloven feet.
You are vulnerable to heat. (rF-)


Message History

You are too injured to fight recklessly!
You are too injured to fight recklessly!
You are too injured to fight recklessly!
You are too injured to fight recklessly!
Unknown command.
You hit the skeletal warrior but do no damage.
You kick the skeletal warrior.
The skeletal warrior is heavily damaged.
You impale the skeletal warrior!!
You kick the skeletal warrior, but do no damage.
The skeletal warrior is severely damaged.
A skeletal warrior comes into view.
It is wielding a +2 short sword of venom.
The skeletal warrior hits you with a +0 mace!!
You hit the skeletal warrior but do no damage.
You kick the skeletal warrior, but do no damage.
The skeletal warrior is severely damaged.
You barely miss the skeletal warrior. Your kick misses the skeletal warrior.
The skeletal warrior is severely damaged.
The skeletal warrior hits you with a +0 mace!
A wolf comes into view.
The wolf howls!
You hit the skeletal warrior. You kick the skeletal warrior.
The skeletal warrior is almost destroyed.
The skeletal warrior hits you with a +0 battleaxe!
* * * LOW HITPOINT WARNING * * *
The skeletal warrior closely misses you.
A warg comes into view.
Okay, then.
Aiming: Charm
Press: ? - help, Shift-Dir - straight line, f - skeletal warrior
Aim: a skeletal warrior, wielding a +0 battleaxe (chance to affect: 1%)
Okay, then.
As you read the scroll of teleportation, it crumbles to dust.
You feel strangely unstable.
The skeletal warrior hits you with a +0 battleaxe!!
* * * LOW HITPOINT WARNING * * *
A demonic guardian appears!
The skeletal warrior hits you with a +0 mace!
You die...
Xom snickers!

#.... ......# ####.... h
........#.#.#...# ..
..........#.....#
...####.z..........#....
...#.#..............#.
...............#..##
##zz#.##.........##. #
##.○@#.###...###..###
##.#.............##.# ##
.>...3...###..##.#..###.
....†.?.###...##....#...
..............##.#..#..#
..............####..÷...
..............# #.......
..............# #.......
........................


You could see 3 skeletal warriors, a warg (wandering) and a friendly soul eater
(summoned).

Vanquished Creatures
  Gastronok (Lair:2)
  Nessos (Lair:4)
  Josephine (D:11)
  4 catoblepae (Lair:5)
  3 hydras
  A boulder beetle (D:11)
  2 two-headed ogres
  10 death yaks
  2 skysharks
  Pikel (D:4)
  A bog body (Lair:3)
  An ugly thing (D:11)
  A deep elf pyromancer (D:12)
  2 manticores (Lair:5)
  Joseph (Lair:1)
  A meliai (Lair:2)
  7 elephants
  Maggie (D:10)
  10 cane toads
  6 black mambas
  An unseen horror (D:10)
  A torpor snail (Lair:5)
  A kobold demonologist (D:10)
  4 rime drakes
  8 komodo dragons
  A hornet (Lair:3)
  A queen bee (shapeshifter) (D:12)
  A polar bear (Lair:5)
  24 blink frogs
  Grinder (D:4)
  4 dream sheep (Lair:4)
  A slime creature (Lair:4)
  A wyvern (D:11)
  2 shadows
  A fire bat (shapeshifter) (D:12)
  3 wraiths
  Eustachio (D:4)
  4 basilisks
  A warg (D:11)
  2 steam dragons
  83 yaks
  5 vampire mosquitoes
  Menkaure (D:4)
  4 swamp worms
  2 hell hounds (D:11)
  2 acid dragons
  10 water moccasins
  2 orc warriors (D:12)
  A sky beast (D:7)
  3 black bears
  4 ice beasts
  An ogre (D:6)
  3 centaurs
  8 wolves
  2 phantoms
  Blork the orc (D:5)
  3 kobold brigands
  6 bullfrogs
  A gnoll sergeant (D:9)
  4 scorpions
  18 wights
  18 killer bees
  8 electric eels
  A bombardier beetle (D:5)
  3 howler monkeys (D:7)
  3 lava snakes (Lair:4)
  2 hounds
  4 jellies
  7 orc priests
  Crazy Yiuf (D:4)
  Jessica (D:2)
  A gnoll bouda (D:8)
  Ijyb (D:5)
  3 sleepcaps
  3 iguanas
  4 orc wizards
  5 hell rats (Lair:5)
  18 gnolls
  12 adders
  A shadow imp (D:5)
  4 white imps
  2 ufetubi (D:5)
  4 ribbon worms
  2 dart slugs
  23 orcs
  6 ball pythons
  A bat (D:2)
  7 endoplasms
  3 giant cockroaches
  6 hobgoblins
  20 kobolds
  2 quokkas
  5 frilled lizards
  6 goblins
  5 rats
476 creatures vanquished.

Vanquished Creatures (collateral kills)
  The ghost of hexenhour the Cleaver, a journeyman MiFi of Okawaru (D:11)
  5 yaks
  A wraith (D:11)
  A water moccasin (D:9)
  A kobold brigand (D:10)
  3 wights
  4 killer bees (D:9)
  2 gnolls (D:9)
18 creatures vanquished.

Vanquished Creatures (others)
  A yak (Lair:3)
  A kobold (D:9)
2 creatures vanquished.

Grand Total: 496 creatures vanquished

Notes
Turn   | Place    | Note
-------+----------+-------------------------------------------
     0 | D:1      | spaghetti the Demonspawn Chaos Knight began the quest for
                  | the Orb.
     0 | D:1      | Reached XP level 1. HP: 18/18 MP: 1/1
   249 | D:1      | Gained mutation: A weak demonic guardian rushes to your
                  | aid. [demonic ancestry]
   249 | D:1      | Reached XP level 2. HP: 22/24 MP: 2/2
   362 | D:1      | Found a faded altar of an unknown god.
   552 | D:1      | XOM: divination: magic mapping
   610 | D:1      | XOM: silly message
   712 | D:2      | XOM: silly message
   853 | D:2      | Gained mutation: You are partially covered in razor-sharp
                  | scales. (AC +1, Slay +1) [demonic ancestry]
   853 | D:2      | Reached XP level 3. HP: 31/31 MP: 3/3
  1177 | D:2      | Identified a scroll of acquirement
  1177 | D:2      | Acquired a +3 demon trident of venom
  1186 | D:2      | Noticed Jessica
  1194 | D:2      | Killed Jessica
  1195 | D:2      | Reached skill level 1 in Maces & Flails
  1195 | D:2      | Reached skill level 1 in Polearms
  1195 | D:2      | Reached XP level 4. HP: 32/38 MP: 4/4
  1226 | D:2      | XOM: 3-stop teleportation journey
  1283 | D:2      | XOM is BORED!
  1513 | D:2      | XOM: silly message
  1541 | D:2      | XOM: divination: magic mapping
  1993 | D:3      | Reached skill level 2 in Polearms
  2025 | D:3      | Reached XP level 5. HP: 43/43 MP: 5/5
  2028 | D:3      | XOM: scenery: summon butterflies
  2136 | D:3      | Found a sparkling altar of Nemelex Xobeh.
  2147 | D:3      | Found an iron altar of Okawaru.
  2172 | D:3      | Found a broken altar of Ashenzari.
  2593 | D:3      | Found a shimmering altar of Xom.
  2707 | D:4      | Noticed Eustachio
  2730 | D:4      | Killed Eustachio
  2731 | D:4      | Reached skill level 3 in Polearms
  2731 | D:4      | Gained mutation: You are mostly covered in razor-sharp
                  | scales. (AC +2, Slay +2) [demonic ancestry]
  2731 | D:4      | Reached XP level 6. HP: 45/49 MP: 6/6
  2783 | D:4      | XOM: summons 4 hostile shadow creatures
  2901 | D:4      | Noticed Menkaure
  2911 | D:4      | Killed Menkaure
  2912 | D:4      | Reached skill level 4 in Polearms
  2912 | D:4      | Reached XP level 7. HP: 19/55 MP: 7/7
  3073 | D:4      | XOM: 7-stop teleportation journey
  3076 | D:4      | Noticed Pikel
  3078 | D:4      | XOM: divination: detect creatures
  3084 | D:4      | Killed Pikel
  3085 | D:4      | Reached skill level 5 in Maces & Flails
  3085 | D:4      | Reached skill level 5 in Polearms
  3085 | D:4      | Gained mutation: You have a pair of small antennae on your
                  | head. [demonic ancestry]
  3085 | D:4      | Reached XP level 8. HP: 37/61 MP: 8/8
  3255 | D:4      | XOM: summons 2 hostile shadow creatures
  3332 | D:4      | Found a runed translucent door.
  3332 | D:4      | Noticed Crazy Yiuf
  3332 | D:4      | XOM: 4-stop teleportation journey
  3334 | D:4      | Killed Crazy Yiuf
  3447 | D:4      | Noticed Grinder
  3459 | D:4      | Killed Grinder
  3460 | D:4      | Reached skill level 6 in Polearms
  3486 | D:4      | Found Oclextim's General Store.
  3493 | D:4      | Bought a potion of heal wounds for 60 gold pieces
  3493 | D:4      | Bought a potion of attraction for 36 gold pieces
  3566 | D:5      | Entered Level 5 of the Dungeon
  3645 | D:4      | XOM: scenery: summon butterflies
  3723 | D:5      | Found a hide-covered altar of Uskayaw.
  3758 | D:5      | Found a sacrificial altar of Ru.
  3824 | D:5      | Reached skill level 7 in Polearms
  4059 | D:5      | Reached skill level 8 in Polearms
  4088 | D:5      | Noticed Ijyb
  4105 | D:5      | Killed Ijyb
  4106 | D:5      | Reached XP level 9. HP: 66/66 MP: 9/9
  4245 | D:5      | Found a staircase to the Ecumenical Temple.
  4281 | D:5      | Noticed Blork the orc
  4285 | D:5      | Killed Blork the orc
  4296 | D:5      | XOM: scenery: create altars
  4504 | D:6      | XOM: cleaving
  4640 | D:6      | XOM: summons 9 friendly demons
  4654 | D:6      | XOM: scenery: create altars
  4660 | D:6      | XOM: divination: magic mapping
  4667 | D:6      | Reached skill level 9 in Polearms
  4677 | D:6      | XOM: god gift: halberd {god gift}
  5015 | D:6      | Reached skill level 10 in Polearms
  5612 | D:7      | Reached skill level 11 in Polearms
  5676 | D:7      | XOM: silly message
  5685 | D:7      | Gained mutation: Your health recovers twice as slowly from
                  | being drained. [potion of mutation]
  5685 | D:7      | Gained mutation: You have hidden genetic potential. [potion
                  | of mutation]
  5755 | D:7      | XOM: stat loss: -1 Dex (11/12)
  5760 | D:7      | Gained mutation: Your demonic aura sometimes causes spilled
                  | blood to erupt in flames. [demonic ancestry]
  5760 | D:7      | Reached XP level 10. HP: 71/73 MP: 10/10
  5792 | D:7      | XOM: noise
  5900 | D:7      | XOM: 1-stop teleportation journey
  5918 | D:7      | XOM: confuse monster(s)
  6473 | D:8      | XOM: cloud trail
  7043 | D:8      | Reached skill level 12 in Polearms
  7055 | D:8      | Learned a level 4 spell: Manifold Assault
  7148 | D:8      | Found a shimmering blue altar of Sif Muna.
  7149 | D:8      | Found a radiant altar of Vehumet.
  7263 | D:8      | Reached skill level 1 in Translocations
  7350 | D:8      | Gained mutation: You have supernaturally acute eyesight.
                  | (SInv) [hidden potential]
  7518 | D:9      | Found a stormy altar of Qazlal.
  7581 | D:9      | XOM: smoke on damage
  7643 | D:9      | XOM: give mutations
  7643 | D:9      | Gained mutation: You are robust. (+10% HP) [Xom's grace]
  7643 | D:9      | Gained mutation: Your natural rate of healing is unusually
                  | fast. [Xom's grace]
  7643 | D:9      | Gained mutation: You have large cloven feet. [Xom's grace]
  7643 | D:9      | Gained mutation: Your system is resistant to poisons.
                  | (rPois) [Xom's grace]
  7787 | D:9      | XOM: give mutations
  7787 | D:9      | Lost mutation: Your natural rate of healing is unusually
                  | fast. [Xom's mischief]
  7787 | D:9      | Lost mutation: You are robust. (+10% HP) [Xom's mischief]
  7787 | D:9      | Lost mutation: You have hidden genetic potential. [Xom's
                  | mischief]
  7891 | D:9      | Noticed a two-headed ogre
  7891 | D:9      | XOM: divination: detect items
  7901 | D:9      | Killed a two-headed ogre
  7902 | D:9      | Reached skill level 13 in Polearms
  8009 | D:9      | Gained mutation: A demonic guardian rushes to your aid.
                  | [demonic ancestry]
  8009 | D:9      | Reached XP level 11. HP: 78/78 MP: 11/11
  8246 | D:10     | XOM: stealth player
  8246 | D:10     | Entered Level 10 of the Dungeon
  8310 | D:10     | Noticed Maggie
  8325 | D:10     | Killed Maggie
  8372 | D:10     | XOM: confuse monster(s)
  8386 | D:10     | Reached skill level 5 in Translocations
  8501 | D:10     | Noticed a centaur warrior
  8501 | D:10     | Noticed a skeletal warrior
  8501 | D:10     | Noticed a cyan ugly thing
  8511 | D:10     | Noticed a deep elf pyromancer
  8511 | D:10     | Noticed an ogre mage
  8519 | D:10     | XOM: divination: detect items
  8552 | D:10     | Noticed a death knight
  8595 | D:10     | Found a runed translucent gate.
  8596 | D:10     | Found a runed translucent gate.
  8597 | D:10     | Found a runed translucent gate.
  8597 | D:10     | Noticed Saint1's ghost (journeyman MiFi)
  8597 | D:10     | Noticed a ten-headed hydra
  8599 | D:10     | Noticed a nine-headed hydra
  8637 | D:10     | Noticed a sixfirhy
  8883 | D:9      | XOM: summons 6 hostile demons
  8970 | D:10     | XOM: confusion (+ monsters)
  9370 | D:10     | XOM: summons friendly shadow imp
  9580 | D:10     | XOM: give mutations
  9580 | D:10     | Gained mutation: You sometimes lose your temper in combat.
                  | [Xom's mischief]
  9580 | D:10     | Gained mutation: You are partially covered in large bone
                  | plates. (SH +4) [Xom's mischief]
  9580 | D:10     | Gained mutation: You are frail. (-10% HP) [Xom's mischief]
  9653 | D:11     | Noticed a boulder beetle
  9664 | D:11     | Killed a boulder beetle
  9665 | D:11     | Reached skill level 14 in Polearms
  9747 | D:11     | Found a runed translucent door.
  9756 | D:11     | Noticed hexenhour's ghost (journeyman MiFi)
  9768 | D:11     | XOM: confusion
  9768 | D:11     | XOM: butterfly on damage
  9776 | D:11     | Killed hexenhour's ghost
  9796 | D:11     | XOM: cast spell 'Dispersal'
 10008 | D:11     | Noticed Josephine
 10014 | D:11     | Killed Josephine
 10025 | D:11     | Gained mutation: Your demonic aura often causes spilled
                  | blood to erupt in flames. [demonic ancestry]
 10025 | D:11     | Reached XP level 12. HP: 22/75 MP: 12/12
 10269 | D:11     | XOM: god gift: spear {god gift}
 10642 | D:11     | Found a staircase to the Lair.
 10780 | D:11     | Noticed a two-headed ogre
 10787 | D:11     | Killed a two-headed ogre
 10793 | D:11     | Reached skill level 10 in Translocations
 10888 | D:11     | XOM: divination: magic mapping
 11169 | D:10     | XOM is BORED!
 11291 | Lair:1   | Entered Level 1 of the Lair of Beasts
 11468 | Lair:1   | Lost mutation: You are frail. (-10% HP) [potion of
                  | mutation]
 11468 | Lair:1   | Lost mutation: You are partially covered in large bone
                  | plates. (SH +4) [potion of mutation]
 11468 | Lair:1   | Lost mutation: You have supernaturally acute eyesight.
                  | (SInv) [potion of mutation]
 11468 | Lair:1   | Gained mutation: Your mind is acute. (Int +4, Str/Dex -1)
                  | [potion of mutation]
 11583 | Lair:1   | Reached skill level 5 in Fighting
 11593 | Lair:1   | Noticed Joseph
 11598 | Lair:1   | Killed Joseph
 11697 | Lair:1   | XOM: 1-stop teleportation journey
 11793 | Lair:1   | XOM: cloud trail
 11848 | Lair:1   | Reached skill level 1 in Dodging
 11868 | Lair:1   | XOM: silly message
 12320 | Lair:2   | XOM: silly message
 12817 | Lair:2   | XOM: noise
 12874 | Lair:2   | XOM: cloud trail
 12959 | Lair:2   | XOM: 1-stop teleportation journey
 12999 | Lair:2   | XOM: 1-stop teleportation journey
 13085 | Lair:2   | Reached skill level 1 in Spellcasting
 13431 | Lair:2   | XOM: confuse monster(s)
 13525 | Lair:2   | Found a hole to the Spider Nest.
 13556 | Lair:2   | XOM: cloud trail
 13719 | Lair:2   | Noticed Gastronok
 13731 | Lair:2   | Killed Gastronok
 14077 | Lair:3   | XOM: confuse monster(s)
 14078 | Lair:3   | XOM: noise
 14089 | Lair:3   | XOM: 1-stop teleportation journey
 14094 | Lair:3   | Reached XP level 13. HP: 96/96 MP: 0/16
 14187 | Lair:3   | XOM: 2-stop teleportation journey
 14220 | Lair:3   | XOM: destruction
 14388 | Lair:3   | XOM: summons 2 hostile shadow creatures
 14427 | Lair:3   | Reached skill level 5 in Armour
 14446 | Lair:3   | XOM: cast spell 'Fugue of the Fallen'
 14463 | Lair:3   | XOM: confuse monster(s)
 14472 | Lair:3   | Reached skill level 5 in Dodging
 14715 | Lair:3   | XOM: god gift: scimitar {god gift}
 15257 | Lair:3   | XOM: 1-stop teleportation journey
 15558 | Lair:3   | Found a staircase to the Swamp.
 16069 | Lair:4   | Noticed Nessos
 16075 | Lair:4   | XOM: enchant monster (good)
 16305 | Lair:4   | Killed Nessos
 16329 | Lair:3   | XOM: god gift: potion of curing
 16438 | Lair:3   | XOM: god gift: scroll of immolation
 16539 | Lair:4   | Found a staircase to the Slime Pits.
 16541 | Lair:4   | Found a viscous altar of Jiyva.
 16542 | Lair:4   | XOM: confusion (+ monsters)
 16817 | Lair:4   | XOM: god gift: 4 stones
 17102 | Lair:4   | Reached skill level 5 in Spellcasting
 17641 | Lair:4   | XOM: 9-stop teleportation journey
 17906 | Lair:4   | XOM: give mutations
 17906 | Lair:4   | Lost mutation: Your system is resistant to poisons. (rPois)
                  | [Xom's mischief]
 17906 | Lair:4   | Gained mutation: You are strong-willed. (Will+) [Xom's
                  | mischief]
 17906 | Lair:4   | Gained mutation: You have hoof-like feet. [Xom's mischief]
 18195 | Lair:5   | Entered Level 5 of the Lair of Beasts
 18236 | Lair:5   | XOM: potion effect (magic)
 18619 | Lair:5   | Lost mutation: Your health recovers twice as slowly from
                  | being drained. [potion of mutation]
 18619 | Lair:5   | Lost mutation: You have hoof-like feet. [potion of
                  | mutation]
 18619 | Lair:5   | Lost mutation: Your mind is acute. (Int +4, Str/Dex -1)
                  | [potion of mutation]
 18619 | Lair:5   | Lost mutation: You sometimes lose your temper in combat.
                  | [potion of mutation]
 18619 | Lair:5   | Gained mutation: You possess an exceptional clarity of
                  | mind. [potion of mutation]
 18620 | Lair:5   | Lost mutation: You are strong-willed. (Will+) [potion of
                  | mutation]
 18620 | Lair:5   | Lost mutation: You have large cloven feet. [potion of
                  | mutation]
 18620 | Lair:5   | Lost mutation: You possess an exceptional clarity of mind.
                  | [potion of mutation]
 18620 | Lair:5   | Gained mutation: You are vulnerable to heat. (rF-) [potion
                  | of mutation]
 18620 | Lair:5   | Gained mutation: You have large cloven feet. [potion of
                  | mutation]
 18625 | Lair:5   | Reached XP level 14. HP: 108/108 MP: 13/22
 18696 | Lair:5   | XOM: scenery: summon butterflies
 18968 | Lair:5   | XOM: noise
 18971 | Lair:5   | XOM: confusion (+ monsters)
 19048 | Lair:5   | XOM: cast spell 'Summon Small Mammal'
 19491 | Lair:5   | XOM: cloud trail
 19518 | Lair:5   | XOM: divination: detect creatures
 19836 | Lair:5   | Reached skill level 10 in Fighting
 19837 | Lair:5   | XOM: silly message
 20006 | Lair:5   | XOM: silly message
 20075 | Lair:5   | XOM: silly message
 20234 | Lair:5   | XOM: silly message
 21197 | D:12     | XOM: divination: magic mapping
 21520 | D:12     | HP: 3/110 [skeletal warrior/+0 battleaxe (30)]
 21520 | D:12     | Slain by a skeletal warrior

Illustrated notes

Levels and vault maps discovered:
D:1:      lightli_arrival_isolated_outpost, layout_basic,
          hellmonk_ecumenical_altar_arch_garden
D:2:      layout_loops_ring, serial_rivers, chequers_serial_rivers_large_a,
          chequers_serial_rivers_small_3, chequers_serial_rivers_room_b,
          chequers_serial_rivers_large_b, chequers_serial_rivers_micro_e,
          uniq_jessica
D:3:      layout_basic, nicolae_overflow_quartered_altars,
          hangedman_decor_peaks_small, minmay_surrounded
D:4:      layout_loops_cross, serial_shops, shop, uniq_grinder, uniq_menkaure,
          uniq_crazy_yiuf_cottage, uniq_pikel, uniq_eustachio
D:5:      cheibrodos_helix_gallery, layout_cave_pools,
          mainiacjoe_overflow_alcove_1, lemuel_tele_altar,
          minmay_temple_entry_fiery, grunt_ministairs_1, uniq_ijyb,
          uniq_blork_the_orc
D:6:      lemuel_ice_spiral_2, layout_basic
D:7:      layout_basic, st_stairs_13
D:8:      layout_loops_corners, gammafunk_temple_overflow_pools
D:9:      layout_roguey, mainiacjoe_overflow_brackets
D:10:     layout_basic, gammafunk_ghost_hydra_chop, minivault_12, uniq_maggie
D:11:     layout_long_grid, erik_lair_orcish_takeover,
          ebering_ghost_reflecting_pool, gauntlet_entry_generic,
          minmay_rotating_lava, uniq_josephine
D:12:     layout_cave_pools, minmay_orc_entry_guard_dogs, vehumet_crystals,
          uniq_psyche, uniq_snorg
Lair:1:   layout_long_grid, uniq_joseph
Lair:2:   layout_chaotic_city, hellmonk_spider_entry_not_the_bees, worms_lemuel,
          uniq_gastronok
Lair:3:   layout_cave_pods, nicolae_swamp_entry_splash_gauntlet,
          serial_bayou_ford_a, grunt_megastairs_3
Lair:4:   layout_regular_city, minmay_slime_entry_pillars,
          nicolae_lair_liquid_snakes, uniq_nessos
Lair:5:   evilmike_catoblepas_cave, layout_cave_pods, st_stairs_9,
          grunt_megastairs_4

Skill      XL: |  1  2  3  4  5  6  7  8  9 10 11 12 13 14 |
---------------+-------------------------------------------+-----
Fighting       | 4 7 9 10 | 10.3
Maces & Flails | 1 2 3 4 5 6 |  6.1
Polearms       | 1 2 3 4 5 8 11 13 14 | 14.0
Translocations | 4 8 10 | 10.0
Armour         | 4 6 8 |  8.1
Dodging        | 4 6 7 |  7.9
Spellcasting   | 2 5 7 |  7.0
Unarmed Combat | |  2.6

Action                     |  1- 3 |  4- 6 |  7- 9 | 10-12 | 13-15 || total
---------------------------+-------+-------+-------+-------+-------++-------
  Melee: Unarmed           |    94 |       |       |       |       ||    94
         Punch             |     3 |     1 |     2 |    10 |       ||    16
         Demon trident     |    10 |   105 |   249 |   588 |   562 ||  1514
         Kick              |       |       |       |   112 |    74 ||   186
  Throw: Dart              |       |       |       |       |     1 ||     1
   Cast: Manifold Assault  |       |       |       |    30 |   209 ||   239
  Evoke: Wand              |       |       |       |       |     2 ||     2
    Use: Scroll            |     5 |     4 |     6 |     6 |     4 ||    25
         Potion            |       |     2 |     3 |     4 |     2 ||    11
   Stab: Sleeping          |       |       |     1 |       |       ||     1
         Confused          |       |       |       |     4 |       ||     4
 Armour: Leather armour    |    47 |    57 |   108 |   247 |   207 ||   666
  Dodge: Dodged            |    47 |    59 |    70 |   134 |   100 ||   410
  Block: Other             |       |       |    32 |    82 |       ||   114
         Reflection        |       |       |     3 |     5 |       ||     8
